AoeStats
← LoadedStriker13

Arena

510463635Analyzed
3v3 RM · 1d ago on Oct 1, 2026· 40m 8s· 6 players
Game mode
Random Map
Map size
Normal (6 player)
Population
200
Speed
Normal
Resources
Standard
Victory
Conquest
Starting age
Dark Age
Ending age
Imperial Age
RankedLock teamsTeams togetherTeam positionsShared explorationLock speedFull tech treeHidden civsTurbo modeCheats
Victory
Defeat
🇺🇸 Franks · United States
686
+13
🇺🇸 Ethiopians · United States
686
+13
🇺🇸 Turks · United States
685
+13
🇲🇽 Spanish · Mexico
717
-18
🇵🇪 Khmer · Peru
603
-12
🇨🇦 Britons · Canada
524
-9
LoadedStriker13
13:39 Feudal Age
14:08 Horse Collar
14:17 Double-Bit Axe
15:11 Wheelbarrow
18:26 Loom
21:17 Town Watch
24:04 Scale Mail Armor
24:05 Padded Archer Armor
24:17 Forging
25:38 Gold Mining
25:40 Stone Mining
26:45 Scale Barding Armor
26:30 Fletching
33:13 Castle Age
34:35 Light Cavalry
34:40 Crossbowman
brauxico
10:20 Feudal Age
11:24 Double-Bit Axe
15:10 Castle Age
14:18 Loom
15:49 Double-Bit Axe
18:44 Gold Mining
26:33 Imperial Age
25:27 Bow Saw
26:39 Murder Holes
27:34 Stone Mining
30:48 Chemistry
32:00 Bombard Tower
Pan con Queso
7:50 Loom
10:53 Feudal Age
12:10 Wheelbarrow
11:23 Double-Bit Axe
11:36 Horse Collar
11:52 Gold Mining
16:34 Stone Mining
20:47 Castle Age
22:11 Hand Cart
25:48 Bow Saw
26:01 Heavy Plow
Princess Duckling
15:08 Feudal Age
20:10 Castle Age
23:14 Double-Bit Axe
23:39 Husbandry
26:23 Scale Barding Armor
26:29 Forging
27:28 Chain Barding Armor
27:09 Gold Mining
27:41 Fortified Wall
31:43 Iron Casting
36:55 Imperial Age
37:13 Cavalier
39:20 Heavy Mounted Crossbowman
ersinbab
12:46 Feudal Age
17:43 Castle Age
16:43 Double-Bit Axe
16:41 Horse Collar
27:04 Forging
26:55 Scale Mail Armor
26:58 Squires
26:44 Arson
31:22 Imperial Age
31:52 Heavy Scorpion
32:19 Halberdier
37:02 Chemistry
36:23 Ballistics
Funstein
10:34 Loom
14:02 Feudal Age
18:30 Castle Age
23:32 Imperial Age
21:48 Double-Bit Axe
21:46 Horse Collar
23:52 Bow Saw
26:51 Gold Mining
29:08 Wheelbarrow
30:37 Hand Cart
Connection lost

Rejoining the realm…

Still unreachable

The connection could not be restored.

Session expired

The server has moved on; the page needs a fresh start.